 Dungeon Crawl Stone Soup version 0.15.0-27-gbdb0435 (webtiles) character file.

3217 Firebatgyro the Archer (level 9, -6/66 HPs)
             Began as a Vampire Hunter on Sept 10, 2014.
             Was a Believer of Okawaru.
             Mangled by a hill giant zombie (8 damage)
             ... on Level 9 of the Dungeon.
             The game lasted 00:22:46 (7461 turns).

Firebatgyro the Archer (Vampire Hunter)             Turns: 7461, Time: 00:22:46

HP  -6/66        AC 12     Str 12      XL: 9   Next: 65%
MP  17/17        EV 12     Int 12      God: Okawaru [**....]
Gold 221         SH  0     Dex 17      Spells:  0 memorised,  8 levels left

rFire  . . .     SeeInvis +     b - +5 longbow "Idient" {freeze, rC+ Str+1 Int-1 Stlth++}
rCold  + . .     Clarity  .     x - +0 leather armour {rPois} (curse)
rNeg   + . .     rCorr    .     (no shield)
rPois  +         rRot     .     B - +1 helmet
rElec  .         Spirit   .     d - +0 cloak
SustAb .         Warding  .     g - +1 pair of gloves
rMut   .         Stasis   .     m - +0 pair of boots
Gourm  .                        (no amulet)
MR     .....                    s - ring of see invisible
                                k - +3 ring of protection

@: not resistant to hostile enchantments, stealthy
A: bottle blood, fangs 3, see invisible, unbreathing
a: Bat Form, Bottle Blood, Heroism, Renounce Religion


You were on level 9 of the Dungeon.
You worshipped Okawaru.
Okawaru was pleased with you.
You were not thirsty.

You visited 2 branches of the dungeon, and saw 10 of its levels.

You collected 420 gold pieces.
You spent 199 gold pieces at shops.

Inventory:

Hand weapons
 a - a +0 long sword
 b - the +5 longbow "Idient" (weapon) {freeze, rC+ Str+1 Int-1 Stlth++}
   (You bought it in a shop on level 5 of the Dungeon)

   It turns projectiles fired from it into bolts of frost.
   It affects your strength (+1).
   It affects your intelligence (-1).
   It protects you from cold.
   It makes you much more stealthy.
 r - a +0 blowgun
Missiles
 c - 77 arrows (quivered)
 e - 9 arrows of flame
 q - 22 poisoned needles
Armour
 d - a +0 cloak (worn)
 g - a +1 pair of gloves (worn)
 m - a +0 pair of boots (worn)
 x - a cursed +0 leather armour of poison resistance (worn)
 B - a +1 helmet (worn)
Magical devices
 w - a wand of draining (4)
 D - a wand of slowing (8)
Scrolls
 h - 5 scrolls of identify
 i - 2 scrolls of remove curse
 l - 3 scrolls of fear
 o - 4 scrolls of enchant weapon
 y - 2 scrolls of fog
 E - a scroll of magic mapping
Jewellery
 k - a +3 ring of protection (left hand)
 s - a ring of see invisible (right hand)
Potions
 f - 5 potions of heal wounds
 j - a potion of curing
 n - 3 potions of flight
 p - a potion of brilliance
 t - 4 potions of might {unknown}
 u - 2 potions of haste {unknown}
 v - a potion of agility
 z - a potion of restore abilities {unknown}
 C - a potion of resistance {unknown}
 F - a potion of cure mutation {unknown}
Books
 A - a book of Enchantments

   Spells                             Type                      Level
   Tukima's Dance                     Hexes                        3
   Cause Fear                         Hexes                        4
   Silence                            Hexes/Air                    5
   Deflect Missiles                   Charms/Air                   6
   Haste                              Charms                       6
   Discord                            Hexes                        8
Miscellaneous
 G - a phial of floods


   Skills:
 - Level 4.6 Fighting
   Level 4.1(4.4) Short Blades
 - Level 2.0(3.1) Long Blades
 + Level 8.8 Bows
 - Level 3.0 Dodging
 - Level 1.5 Stealth
 + Level 5.7 Invocations


You had 8 spell levels left.
You didn't know any spells.

Dungeon Overview and Level Annotations

Branches:
Dungeon (9/15)             Temple (1/1) D:6
    Orc: D:9-12        Lair: D:8-11

Altars:
Ashenzari
Cheibriados
Dithmenos
Elyvilon
Makhleb
Nemelex Xobeh
Okawaru
Qazlal
Trog
Xom
Yredelemnul
Zin
The Shining One

Shops:
D:5 (   D:6 ([


Innate Abilities, Weirdness & Mutations

You can bottle blood from corpses.
You have razor-sharp teeth.
You have supernaturally acute eyesight.
You can survive without breathing.


Message History

You shoot an arrow. The arrow hits the hill giant zombie!
Firing (i - inventory. (,) - cycle):
c - 80 arrows (quivered)
Press: ? - help, Shift-Dir - straight line, f/p - hill giant zombie
Aim: a hill giant zombie You shoot an arrow.
The arrow completely misses the hill giant zombie.
The hill giant zombie hits you!
Firing (i - inventory. (,) - cycle):
c - 79 arrows (quivered)
Press: ? - help, Shift-Dir - straight line, f/p - hill giant zombie
Aim: a hill giant zombie You shoot an arrow.
The arrow hits the hill giant zombie!
The hill giant zombie hits you!!
Firing (i - inventory. (,) - cycle):
c - 78 arrows (quivered)
Press: ? - help, Shift-Dir - straight line, f/p - hill giant zombie
Aim: a hill giant zombie You shoot an arrow.
The arrow hits the hill giant zombie!
The hill giant zombie hits you!!
* * * LOW HITPOINT WARNING * * *
The hill giant zombie hits you!
You die...

..............#
#..............#####
#(......)(..........
#..##+##(###.......#
#..#.......#.......
#..#....)..#......
#..#.......#.....
#..#.......#..##
#..@..[....#.
#.Z#.......#
#(.#.......#
#(.#.......#
#..#.......#
#..#.......#
#..#.......#
#..#.......#
.########


You could see a hill giant zombie.

Vanquished Creatures
  An ugly thing (D:9)
  A griffon skeleton (D:9)
  A phantom (D:9)
  2 orc warriors
  5 ogres
  A necrophage (D:9)
  2 centaurs (D:8)
  3 giant frogs
  A big kobold (D:9)
  A scorpion (D:4)
  A goliath beetle (D:7)
  3 crimson imps
  4 orc priests
  A giant frog skeleton (D:4)
  5 hounds
  4 jellies
  10 orc wizards
  A centaur skeleton (D:4)
  4 worker ants
  4 iguanas
  Terence (D:2)
  A mummy (D:6)
  11 adders
  An orc zombie (D:7)
  A giant mite (D:3)
  3 shadow imps
  2 worms
  4 giant geckos
  An ooze (D:5)
  28 orcs
  3 giant cockroaches
  12 goblins
  14 hobgoblins
  4 jackals
  16 kobolds
  3 ball pythons
  10 bats
  7 giant newts
  A gnoll zombie (D:5)
  A goblin skeleton (D:4)
  2 kobold skeletons
  2 orc skeletons
  7 quokkas
  10 rats
200 creatures vanquished.

Notes
Turn   | Place    | Note
--------------------------------------------------------------
     0 | D:1      | Firebatgyro, the Vampire Hunter, began the quest for the Orb.
     0 | D:1      | Reached XP level 1. HP: 14/14 MP: 1/1
   283 | D:1      | Reached XP level 2. HP: 18/20 MP: 2/2
   418 | D:2      | Reached skill level 4 in Bows
   514 | D:2      | Reached XP level 3. HP: 12/25 MP: 3/3
   659 | D:2      | Noticed Terence
   675 | D:2      | Killed Terence
   759 | D:2      | Reached XP level 4. HP: 31/31 MP: 4/4
  1058 | D:2      | Reached skill level 1 in Fighting
  1826 | D:4      | Reached skill level 1 in Short Blades
  1854 | D:4      | Reached XP level 5. HP: 37/37 MP: 5/5
  2037 | D:4      | Noticed a giant frog
  2048 | D:4      | Killed a giant frog
  2048 | D:4      | Reached skill level 5 in Bows
  2318 | D:4      | Reached XP level 6. HP: 42/44 MP: 6/6
  2572 | D:4      | Noticed an ogre
  2582 | D:4      | Killed an ogre
  2859 | D:4      | Reached XP level 7. HP: 19/52 MP: 7/7
  3154 | D:5      | Entered Level 5 of the Dungeon
  3424 | D:5      | Found a sparkling altar of Nemelex Xobeh.
  3503 | D:5      | Reached skill level 1 in Long Blades
  3503 | D:5      | Reached skill level 6 in Bows
  3878 | D:5      | Found Leack's Antique Weapon Boutique.
  3883 | D:5      | Bought a pitted longbow for 199 gold pieces
  3884 | D:5      | Identified the +5 longbow "Idient" {freeze, rC+ Str+1 Int-1 Stlth++} (You bought it in a shop on level 5 of the Dungeon)
  4099 | D:6      | Found Threkese's Antique Weapon Boutique.
  4277 | D:6      | Reached XP level 8. HP: 17/60 MP: 8/8
  4393 | D:6      | Found Shigoher's Antique Armour Shop.
  4591 | D:6      | Found a glowing golden altar of the Shining One.
  4860 | D:6      | Found a staircase to the Ecumenical Temple.
  4874 | Temple   | Entered the Ecumenical Temple
  4902 | Temple   | Became a worshipper of Warmaster Okawaru
  5212 | D:7      | Found a stormy altar of Qazlal.
  5215 | D:7      | Found a shattered altar of Ashenzari.
  5341 | D:7      | Reached skill level 1 in Invocations
  5428 | D:7      | Reached skill level 7 in Bows
  5835 | D:8      | Acquired Okawaru's first power
  6091 | D:8      | Reached XP level 9. HP: 53/66 MP: 14/14
  6357 | D:8      | Reached skill level 8 in Bows
  6731 | D:9      | Noticed a red ugly thing
  6739 | D:9      | Killed a red ugly thing
  6739 | D:9      | Reached skill level 5 in Invocations
  7461 | D:9      | HP: 2/66 [hill giant zombie (20)]
  7461 | D:9      | Mangled by a hill giant zombie

Action                   |  1- 3 |  4- 6 |  7- 9 || total
-------------------------+-------+-------+-------++-------
Melee: Short sword       |    46 |   142 |    44 ||   232
       Long sword        |       |       |   279 ||   279
 Fire: Shortbow          |    56 |    81 |    41 ||   178
       Longbow           |       |       |   156 ||   156
       Blowgun           |       |       |     4 ||     4
 Abil: Bottle Blood      |       |       |     2 ||     2
Evoke: Wand              |       |       |     2 ||     2
  Use: Scroll            |       |     7 |     8 ||    15
       Potion            |       |       |     2 ||     2
 Stab: Sleeping          |     1 |     2 |     2 ||     5
  Eat: Corpse            |     5 |     4 |    11 ||    20
